 Dungeon Crawl Stone Soup version 0.28-a0-991-g956f0ee3d5 (webtiles) character file.

Game seed: 5127931652135325551

5628 Decritt the Fighter (level 10, -4/96 HPs)
             Began as a Minotaur Fighter on Dec 5, 2021.
             Was a High Priest of Okawaru.
             Killed from afar by a steam dragon (21 damage)
             ... with a ball of steam
             ... on level 10 of the Dungeon.
             The game lasted 00:23:02 (9678 turns).

Decritt the Fighter (Minotaur Fighter)              Turns: 9678, Time: 00:23:03

Health: -4/96      AC: 16    Str: 30    XL:     10   Next: 46%
Magic:  9/9        EV: 11    Int:  5    God:    Okawaru [*****.]
Gold:   409        SH: 13    Dex: 10    Spells: 9/9 levels left

rFire   . . .      SeeInvis +   y - +2 broad axe (freeze)
rCold   + . .      Faith    .   H - +0 kite shield
rNeg    . . .      Spirit   .   t - +0 plate armour
rPois   +          Reflect  +   (helmet restricted)
rElec   .          Harm     .   v - +0 cloak
rCorr   .          Rampage  .   c - +0 pair of gloves
Will    .....                   (no boots)
Stlth   ..........              i - amulet of Macit {Reflect rPois Str+5 SH+5 SInv}
HPRegen 0.26/turn               m - ring of protection from cold
MPRegen 0.11/turn               F - +4 ring of evasion

@: studying Shields
A: horns 2, retaliatory headbutt
a: Renounce Religion, Heroism, Finesse, Duel


You were on level 10 of the Dungeon.
You worshipped Okawaru.
Okawaru was extremely pleased with you.
You visited 2 branches of the dungeon, and saw 11 of its levels.
You also visited: Sewer and Ossuary.

You collected 409 gold pieces.

Inventory:

Hand Weapons
 y - a +2 broad axe of freezing (weapon)
Missiles
 G - a throwing net (quivered)
Armour
 c - a +0 pair of gloves (worn)
 t - a +0 plate armour (worn)
 v - a +0 cloak (worn)
 H - a +0 kite shield (worn)
Jewellery
 i - the amulet of Macit (around neck) {Reflect rPois Str+5 SH+5 SInv}
   (You acquired it on level 3 of the Dungeon)

   [amulet of reflection]

   It reflects blocked missile attacks.
   Str:       It affects your strength (+5).
   rPois:     It protects you from poison.
   SInv:      It lets you see invisible.
   SH:        It affects your SH (+5).
 m - a ring of protection from cold (left hand)
 F - a +4 ring of evasion (right hand)
Wands
 A - a wand of mindburst (14)
 C - a wand of iceblast (1)
 D - a wand of digging (15)
Scrolls
 a - a scroll of brand weapon {unknown}
 l - a scroll of fear
 o - a scroll of vulnerability {unknown}
 p - 5 scrolls of teleportation
 q - 5 scrolls of enchant armour {unknown}
 s - 3 scrolls of fog {unknown}
 u - a scroll of holy word {unknown}
 B - 2 scrolls of immolation {unknown}
Potions
 b - 2 potions of haste
 d - 3 potions of might
 e - 4 potions of flight
 f - 4 potions of heal wounds
 h - 5 potions of curing
 j - a potion of cancellation {unknown}
 k - a potion of berserk rage
 n - a potion of attraction {unknown}
 r - a potion of lignification {unknown}
 x - 3 potions of magic
 z - a potion of ambrosia {unknown}
Miscellaneous
 E - a tin of tremorstones (2/2)


   Skills:
 + Level 11.4 Fighting
 + Level 11.1 Axes
 + Level 8.4 Armour
 - Level 6.5 Dodging
 + Level 4.5 Shields
 + Level 0.7 Invocations


You had 9 spell levels left.
You didn't know any spells.
Your spell library contained the following spells:

 Spells                   Type           Power      Damage    Failure   Level
 Slow                     Hex            0%         N/A       100%        1
 Confusing Touch          Hex            0%         N/A       100%        3
 Yara's Violent Unravell  Hex/Tmut       0%         3d3       100%        5


Dungeon Overview and Level Annotations

Branches:
Dungeon (10/15)            Temple (1/1) D:7            Lair (0/6) D:8
  Sewer (visited)         Ossuary (visited)
    Orc: D:9-12

Altars:
Cheibriados
Dithmenos
Elyvilon
Fedhas
Gozag
Kikubaaqudgha
Makhleb
Nemelex Xobeh
Okawaru
Qazlal
Ru
Sif Muna
Trog
Uskayaw
Vehumet
Wu Jian
Xom
Yredelemnul
Zin
The Shining One

Shops:
D:7 *


Innate Abilities, Weirdness & Mutations

You have a pair of horns on your head.
You reflexively headbutt those who attack you in melee.


Message History

The steam dragon claws the plant.
The steam dragon bites the plant.
The steam dragon claws the plant.
The steam dragon bites the plant.
The steam dragon claws the plant.
The electric eel shoots out a bolt of lightning at you!
The bolt of electricity hits you!
* * * LOW HITPOINT WARNING * * *
You slice the electric eel!! You freeze the electric eel!
You kill the electric eel!
Okawaru accepts your kill.
You hear a splash.
The electric eel shoots out a bolt of lightning at you!
The bolt of electricity hits the plant!
The plant begins to die.
The bolt of electricity misses you.
You slash the steam dragon! You freeze the steam dragon.
Your headbutt misses the steam dragon.
The steam dragon is severely wounded.
The electric eel shoots out a bolt of lightning at you!
The bolt of electricity hits the plant!
The bolt of electricity hits you!
* * * LOW HITPOINT WARNING * * *
The steam dragon breathes steam at you. The ball of steam hits you!
* * * LOW HITPOINT WARNING * * *
The electric eel shoots out a bolt of lightning at you!
The bolt of electricity hits the plant!
The bolt of electricity misses you.
A nearby plant withers and dies.
Found a flail.
You hit the steam dragon. You freeze the steam dragon.
Your headbutt misses the steam dragon.
The steam dragon is severely wounded.
The steam dragon breathes steam at you. The ball of steam hits you!!
* * * LOW HITPOINT WARNING * * *
You hear a shout!
You hit the steam dragon but do no damage.
You headbutt the steam dragon!
The steam dragon is almost dead.
You are engulfed in a cloud of scalding steam.
The steam dragon breathes steam at you. The ball of steam hits you!!
You die...

............ .......)..
........ #.§.... #...§.
#..§. #......# #..§#
#......# #..@# #......#
#..D# #......# #...#
#......# #...#
##......######...#
.................#
))...............###+#
))..................≈♣
................S♣♣♣♣≈♣


You could see a steam dragon (catching breath).

Vanquished Creatures
  A hornet (D:9)
  A troll (D:8)
  2 wraiths (Ossuary)
  A wyvern (D:8)
  A steam dragon (D:8)
  5 orc warriors
  2 water moccasins
  An ice beast (D:5)
  2 black bears
  A necrophage (D:5)
  An ogre (D:6)
  3 wolves (D:8)
  3 phantoms (D:5)
  3 centaurs
  4 kobold brigands
  A bullfrog (D:9)
  A gnoll sergeant (D:10)
  A scorpion (D:5)
  9 killer bees
  9 wights
  2 electric eels
  8 howler monkeys
  2 centaur zombies
  2 centaur skeletons
  2 jellies
  4 orc priests (D:9)
  2 gnoll shamans
  5 hounds
  2 iguanas (D:5)
  5 orc wizards
  A scorpion zombie (D:5)
  2 killer bee zombies
  2 hound skeletons (D:4)
  A howler monkey zombie (D:9)
  14 adders
  11 gnolls
  A river rat (Sewer)
  3 shadow imps
  A white imp (D:7)
  2 ufetubi
  2 adder zombies
  An adder skeleton (D:2)
  A worm (D:3)
  2 dart slugs
  33 orcs
  11 ball pythons
  2 bats
  2 bat skeletons (D:2)
  A bat zombie (D:2)
  4 endoplasms
  A giant cockroach (D:1)
  5 hobgoblins
  11 jackals
  5 quokkas
  5 ball python skeletons
  A ball python zombie (D:2)
  3 frilled lizards
  2 giant cockroach zombies (D:2)
  2 goblins
  A goblin skeleton (D:6)
  A goblin zombie (D:6)
  A hobgoblin skeleton (Ossuary)
  4 hobgoblin zombies
  17 kobolds
  A kobold zombie (Ossuary)
  3 orc skeletons
  An orc zombie (D:6)
  9 rats
256 creatures vanquished.

Vanquished Creatures (others)
  2 plants (D:10)
  2 withered plants (D:2)
4 creatures vanquished.

Grand Total: 260 creatures vanquished

Notes
Turn   | Place    | Note
-------+----------+-------------------------------------------
     0 | D:1      | Decritt the Minotaur Fighter began the quest for the Orb.
     0 | D:1      | Reached XP level 1. HP: 19/19 MP: 0/0
   231 | D:1      | Reached XP level 2. HP: 26/27 MP: 1/1
   243 | D:1      | Found a faded altar of an unknown god.
   820 | D:2      | Reached XP level 3. HP: 25/33 MP: 2/2
  1383 | D:2      | Reached XP level 4. HP: 41/41 MP: 3/3
  1723 | D:3      | Identified a scroll of acquirement
  1723 | D:3      | Acquired a +3 battleaxe of electrocution
  1766 | D:3      | Acquired the amulet of Macit {Reflect rPois Str+5 SH+5
                  | SInv}
  1863 | D:3      | Found an iron altar of Okawaru.
  2005 | D:3      | Found a glowing drain.
  2014 | Sewer    | Entered a sewer
  2021 | Sewer    | Reached XP level 5. HP: 47/47 MP: 4/4
  2022 | Sewer    | Reached skill level 5 in Fighting
  2073 | Sewer    | Reached skill level 1 in Dodging
  2139 | Sewer    | Found a glowing silver altar of Zin.
  2418 | D:3      | Became a worshipper of Warmaster Okawaru
  2651 | D:4      | Reached XP level 6. HP: 53/56 MP: 5/5
  2652 | D:4      | Acquired a manual of Shields
  2886 | D:4      | Reached skill level 5 in Axes
  3183 | D:4      | Reached * piety under Okawaru
  3184 | D:4      | Reached skill level 5 in Armour
  3199 | D:4      | Found a sparkling altar of Nemelex Xobeh.
  3201 | D:4      | Found a bloodstained altar of Trog.
  3204 | D:4      | Found a shimmering blue altar of Sif Muna.
  3405 | D:5      | Entered Level 5 of the Dungeon
  3409 | D:5      | Reached XP level 7. HP: 63/63 MP: 6/6
  3455 | D:5      | Found a snail-covered altar of Cheibriados.
  3648 | D:5      | Reached ** piety under Okawaru
  3839 | D:5      | Reached XP level 8. HP: 68/73 MP: 7/7
  4798 | D:6      | Found a shadowy altar of Dithmenos.
  4986 | D:6      | Found a glowing golden altar of the Shining One.
  5465 | D:7      | Reached *** piety under Okawaru
  5480 | D:7      | Reached XP level 9. HP: 75/83 MP: 8/8
  5874 | D:7      | Found a staircase to the Ecumenical Temple.
  5887 | Temple   | Entered the Ecumenical Temple
  6406 | D:7      | Found Conoagad's Neck Hole.
  6659 | D:8      | Reached skill level 5 in Dodging
  6680 | D:8      | Reached skill level 10 in Fighting
  6696 | D:8      | Reached **** piety under Okawaru
  6704 | D:8      | Found a sand-covered staircase.
  6711 | Ossuary  | Entered an ossuary
  7114 | Ossuary  | Reached skill level 10 in Axes
  7271 | D:8      | Noticed a troll
  7279 | D:8      | Killed a troll
  7280 | D:8      | Reached XP level 10. HP: 81/94 MP: 9/9
  7293 | D:8      | Found a staircase to the Lair.
  8592 | D:9      | Reached ***** piety under Okawaru
  9554 | D:9      | Found a white marble altar of Elyvilon.
  9618 | D:10     | Entered Level 10 of the Dungeon
  9678 | D:10     | Killed from afar by a steam dragon

Illustrated notes

Levels and vault maps discovered:
D:1:      kennysheep_arrival_forest, layout_basic,
          shapermc_ecumenical_altar_acropolis
D:2:      layout_basic, serial_undead, serial_undead_a, serial_undead_a,
          serial_undead_e, serial_undead_c, serial_undead_b, serial_undead_d,
          serial_undead_e, serial_undead_b, serial_undead_e, serial_undead_f
D:3:      layout_rooms, mainiacjoe_overflow_cross_hatched, portal_sewer_entry_d,
          interstate_on_off, serial_park_tiny_2, minmay_snake_closets
D:4:      layout_cave_pools, nicolae_overflow_hidden_temple,
          hangedman_decor_clover_reticule, grunt_decor_junction,
          serial_bayou_ford_a
D:5:      minmay_angry_zag, layout_basic, mainiacjoe_overflow_alcove_2
D:6:      layout_basic, nicolae_tso_besieged_by_evil, lemuel_tele_altar
D:7:      layout_cave_pools, minmay_temple_entry_purple_smoke,
          nicolae_shop_sticking_my_neck_out
D:8:      layout_rooms, erik_lair_island, serial_curves, eino_curves_01,
          eino_curves_03, chequers_ossuary_entry_cave, minmay_checkerbox
D:9:      wander_river, layout_loops_cross, kennysheep_mini_moat
D:10:     layout_irregular_city, mainiacjoe_overflow_big_doors, serial_bayou,
          serial_bayou_pond_d, serial_bayou_pond_a, serial_bayou_lake_a,
          serial_bayou_pond_d
Temple:   minmay_temple_forest_path

Skill      XL: |  1  2  3  4  5  6  7  8  9 10 |
---------------+-------------------------------+-----
Axes           | 3 4 5 6 8 10 11 | 11.1
Fighting       | 4 5 6 7 9 10 11 | 11.4
Armour         | 4 5 6 7 8 |  8.4
Shields        | 4 |  4.5
Dodging        | 1 2 3 4 5 6 |  6.5
Invocations    | |  0.7

Action                   |  1- 3 |  4- 6 |  7- 9 | 10-12 || total
-------------------------+-------+-------+-------+-------++-------
Melee: War axe           |    83 |     1 |       |       ||    84
       Headbutt          |    12 |    23 |    32 |    16 ||    83
       Battleaxe         |       |    92 |   174 |    87 ||   353
       Broad axe         |       |       |       |     4 ||     4
Invok: Heroism           |       |       |     1 |       ||     1
  Use: Scroll            |       |     9 |     7 |     1 ||    17
       Potion            |       |     1 |     1 |       ||     2
Armor: Scale mail        |    45 |    42 |       |       ||    87
       Plate armour      |       |     2 |    98 |    51 ||   151
Dodge: Dodged            |    44 |    50 |   102 |    46 ||   242
Block: Buckler           |    19 |     1 |       |       ||    20
       Other             |       |    28 |    52 |    19 ||    99
       Reflection        |       |       |       |     1 ||     1

Table legend: (Time is in decaauts)
 A = Elapsed time spent in this place.
 B = Non-inter-level travel time spent in this place.
 C = Inter-level travel time spent in this place.
 D = Time resting spent in this place.
 E = Time spent auto-exploring this place.
 F = Levels seen in this place.
 G = Mean time per level.
                   A        B        C        D        E       F      G
               +--------+--------+--------+--------+--------+-----+--------+
         Total |   9888 |   9597 |    291 |   1072 |   6673 |  13 |  760.6 |
       Dungeon |   8524 |   8282 |    242 |    842 |   5872 |  10 |  852.4 |
        Temple |    507 |    458 |     49 |      0 |    447 |   1 |  507.0 |
         Sewer |    301 |    301 |      0 |      0 |    148 |   1 |  301.0 |
       Ossuary |    554 |    554 |      0 |    230 |    206 |   1 |  554.0 |
               +--------+--------+--------+--------+--------+-----+--------+

Top non-repeatable levels by time:
     D:7: 1121 daAuts
     D:6: 1087 daAuts
     D:9: 1077 daAuts
     D:5: 994 daAuts
     D:2: 982 daAuts
     D:8: 956 daAuts
     D:4: 825 daAuts
     D:1: 727 daAuts
     D:3: 692 daAuts
 Ossuary: 554 daAuts
  Temple: 507 daAuts
   Sewer: 301 daAuts
    D:10: 60 daAuts
